 Dungeon Crawl Stone Soup version 0.24.0-37-gcf1ca852f1 (webtiles) character file.

Game seed: 883955811416379487, levelgen mode: deterministic

19597 MisterFreud the Blocker (level 12, -6/97 HPs)
             Began as a Gnoll Fighter on Dec 4, 2019.
             Was a Follower of Ashenzari.
             Mangled by a death yak (18 damage)
             ... in an ice cave.
             The game lasted 00:25:26 (10018 turns).

MisterFreud the Blocker (Gnoll Fighter)            Turns: 10018, Time: 00:25:27

Health: -6/97      AC: 26    Str: 19    XL:     12   Next: 70%
Magic:  23/23      EV: 17    Int: 15    God:    Ashenzari [*.....]
Gold:   608        SH: 13    Dex: 20    Spells: 26/26 levels left

rFire    . . .     SeeInvis .   a - +1 flail (curse)
rCold    . . .     Gourm    .   c - +1 shield (curse)
rNeg     . . .     Faith    .   x - +2 chain mail {MR+}
rPois    .         Spirit   .   t - +0 helmet
rElec    .         Reflect  .   w - +0 cloak
rCorr    .         Harm     .   p - +0 pair of gloves
MR       +....                  m - +2 pair of boots
Stlth    +.........             (no amulet)
HPRegen  0.26/turn              n - ring of attention (curse)
MPRegen  0.18/turn              v - +5 ring of protection (curse)

@: agile, about to teleport
A: distributed training, fangs 1, strong nose
a: Curse Item, Scrying, Renounce Religion


You were in an ice cave.
You worshipped Ashenzari.
Ashenzari was aware of your devotion.
You were not hungry.

You visited 3 branches of the dungeon, and saw 12 of its levels.
You also visited: Ice Cave.

You collected 608 gold pieces.

Inventory:

Hand Weapons
 a - a cursed +1 flail (weapon)
 L - a +5 demon trident
Missiles
 h - 372 stones (quivered)
 k - 63 bolts
 l - 77 sling bullets
 q - 7 atropa-tipped darts
 y - 56 arrows
 C - 26 poisoned darts
 D - 9 boomerangs
 J - 13 javelins
Armour
 b - a +0 scale mail
 c - a cursed +1 shield (worn)
 m - a +2 pair of boots (worn)
 p - a +0 pair of gloves (worn)
 t - a +0 helmet (worn)
 w - a +0 cloak (worn)
 x - a +2 chain mail of magic resistance (worn)
Jewellery
 n - a cursed ring of attention (left hand)
 v - a cursed +5 ring of protection (right hand)
 A - an uncursed ring of resist corrosion
 G - a +1 ring of evasion
 I - an uncursed ring of magical power
 M - an uncursed ring of see invisible
Wands
 F - a wand of polymorph (5)
 K - a wand of flame (1)
Scrolls
 e - 5 scrolls of teleportation
 g - a scroll of amnesia
 i - a scroll of fear
 j - a scroll of enchant armour
 o - a scroll of magic mapping
 s - 2 scrolls of identify
 u - 7 scrolls of remove curse
 E - a scroll of fog
Potions
 d - 4 potions of might
 r - 2 potions of magic
 z - 3 potions of curing
 B - 4 potions of agility
 H - a potion of brilliance
 N - a potion of ambrosia
 O - a potion of haste
Comestibles
 f - 20 rations
 P - 15 chunks of flesh


   Skills:
 + Level 10.0 Fighting
 + Level 7.6 Short Blades
 + Level 7.6 Long Blades
 + Level 7.6 Axes
 + Level 8.9 Maces & Flails
 + Level 7.6 Polearms
 + Level 7.6 Staves
 + Level 7.6 Slings
 + Level 7.6 Bows
 + Level 7.6 Crossbows
 + Level 7.6 Throwing
 + Level 10.0 Armour
 + Level 7.6 Dodging
 + Level 7.6 Stealth
 + Level 10.0 Shields
 + Level 7.6 Unarmed Combat
 + Level 7.6 Spellcasting
 + Level 6.3 Conjurations
 + Level 6.3 Hexes
 + Level 6.3 Charms
 + Level 6.3 Summonings
 + Level 6.3 Necromancy
 + Level 6.3 Translocations
 + Level 6.3 Transmutations
 + Level 6.3 Fire Magic
 + Level 6.3 Ice Magic
 + Level 6.3 Air Magic
 + Level 6.3 Earth Magic
 + Level 6.3 Poison Magic
 + Level 8.3 Invocations
 + Level 7.6 Evocations


You had 26 spell levels left.
You didn't know any spells.
Your spell library contained the following spells:

 Spells                   Type           Power        Failure   Level  Hunger
 Beastly Appendage        Tmut           ###...       14%         1    None
 Confusing Touch          Hex            ###...       14%         1    None
 Magic Dart               Conj           ###.         14%         1    None
 Sandblast                Erth           ###...       14%         1    None
 Passwall                 Tmut/Erth      ###.....     22%         2    None
 Searing Ray              Conj           ###...       22%         2    None
 Sticks to Snakes         Tmut           ###.....     22%         2    None
 Confuse                  Hex            ###.....     38%         3    ##.....
 Dazzling Spray           Conj/Hex       ###...       38%         3    ##.....
 Gell's Gravitas          Tloc           ###.......   38%         3    ##.....
 Spider Form              Tmut/Pois      ###.......   38%         3    ##.....
 Stone Arrow              Conj/Erth      ###...       38%         3    ##.....
 Force Lance              Conj/Tloc      ###.....     80%         4    ####...
 Fulminant Prism          Conj/Hex       ###.......   80%         4    ####...
 Ice Form                 Ice/Tmut       ###.....     80%         4    ####...
 Iskenderun's Mystic Bla  Conj           ###.....     80%         4    ####...
 Petrify                  Tmut/Erth      ###.....     80%         4    ####...
 Blade Hands              Tmut           ###.......   98%         5    #####..
 Lee's Rapid Deconstruct  Erth           ###.......   98%         5    #####..
 Metabolic Englaciation   Hex/Ice        ###.......   98%         5    #####..
 Yara's Violent Unravell  Hex/Tmut       ###.......   98%         5    #####..


Dungeon Overview and Level Annotations

Branches:
Dungeon (8/15)             Temple (1/1) D:7            Lair (3/6) D:8
 Spider (0/4) Lair:2        IceCv (1/1)
  Swamp: Lair:2-4    Shoals: Lair:2-4

Altars:
Ashenzari
Cheibriados
Dithmenos
Elyvilon
Fedhas
Gozag
Hepliaklqana
Kikubaaqudgha
Makhleb
Nemelex Xobeh
Qazlal
Ru
Sif Muna
Trog
Uskayaw
Vehumet
Xom
Yredelemnul
The Shining One

Shops:
D:6 (

Annotations:
D:6 exclusion: oklob plant


Innate Abilities, Weirdness & Mutations

Your experience applies equally to all skills.
You have very sharp teeth.
Your uncanny sense of smell can sniff out nearby items.


Message History

The polar bear claws you but does no damage.
The polar bear barely misses you.
Your surroundings suddenly seem different.
A yak comes into view.
The yak bellows!
A death yak comes into view.
The death yak bellows!
The death yak gores you but does no damage.
The yak gores you but does no damage. The death yak gores you.
* * * LOW HITPOINT WARNING * * *
Found a glass wand.
Found a brass wand.
You see here a wand of digging (7).
You feel agile all of a sudden. You block the death yak's attack.
Okay, then.
As you read the scroll of teleportation, it crumbles to dust.
You feel strangely unstable. The death yak gores you!!
You die...

#.#.#..#### ##
#.##..#
#...##.#..##.#
#.###.#
##.#####....#
#.###÷## #.##
#.....#
#..##..## #h##
##.#Y.##
##.###..# #..#
####..#
#.###.## #h##
####.##
#..#..# #†#
#/#YY.#
##.#.## #.#
#@##.# #...#
##. ### .#
#...# .. .#
##.## ..# ##
### .#. #.#h .
h#


You could see a death yak and a yak.

Vanquished Creatures
  Pikel (D:8)
  An elephant (Lair:1)
  A black mamba (Lair:1)
  3 spiny frogs
  Grinder (D:5)
  6 blink frogs (Lair:1)
  A jumping spider (Lair:2)
  3 polar bears
  5 hippogriffs
  3 spriggans (Lair:1)
  3 hogs (D:7)
  A basilisk (Lair:1)
  A human (D:7)
  26 yaks
  Duvessa (D:5)
  8 water moccasins
  7 porcupines
  An orc warrior (D:5)
  An eye of draining (D:3)
  9 ice beasts
  A sky beast (D:8)
  5 ogres
  A necrophage (D:7)
  8 wolves
  2 centaurs
  4 crocodiles
  A big kobold (D:7)
  10 bullfrogs
  Dowan (D:5)
  3 howler monkeys (D:7)
  3 crimson imps
  5 hounds
  4 orc priests
  A gnoll shaman (D:8)
  A jelly (D:6)
  2 orc wizards (D:7)
  5 worker ants
  A hound skeleton (D:4)
  A worker ant zombie (D:2)
  10 adders
  9 gnolls
  2 shadow imps
  8 oozes (D:6)
  An adder zombie (D:6)
  2 adder skeletons
  A worm (D:5)
  A dart slug (D:1)
  9 leopard geckos
  22 orcs
  10 bats
  9 giant cockroaches
  5 hobgoblins
  4 jackals (D:3)
  10 kobolds
  2 quokkas
  5 frilled lizards
  6 goblins
  2 quokka skeletons (D:7)
  7 rats
267 creatures vanquished.

Vanquished Creatures (others)
  A howler monkey (D:8)
  19 fungi
  22 plants
42 creatures vanquished.

Grand Total: 309 creatures vanquished

Notes
Turn   | Place    | Note
-------+----------+-------------------------------------------
     0 | D:1      | MisterFreud the Gnoll Fighter began the quest for the Orb.
     0 | D:1      | Reached XP level 1. HP: 23/23 MP: 1/1
   159 | D:1      | Reached XP level 2. HP: 28/29 MP: 2/2
   665 | D:1      | Reached XP level 3. HP: 32/35 MP: 3/3
   859 | D:2      | Reached skill level 1 in Invocations
   885 | D:2      | Reached skill level 1 in Short Blades
   885 | D:2      | Reached skill level 1 in Long Blades
   885 | D:2      | Reached skill level 1 in Axes
   885 | D:2      | Reached skill level 1 in Polearms
   885 | D:2      | Reached skill level 1 in Staves
   885 | D:2      | Reached skill level 1 in Slings
   885 | D:2      | Reached skill level 1 in Bows
   885 | D:2      | Reached skill level 1 in Crossbows
   885 | D:2      | Reached skill level 1 in Throwing
   885 | D:2      | Reached skill level 1 in Dodging
   885 | D:2      | Reached skill level 1 in Stealth
   885 | D:2      | Reached skill level 1 in Unarmed Combat
   885 | D:2      | Reached skill level 1 in Spellcasting
   885 | D:2      | Reached skill level 1 in Evocations
   906 | D:2      | Reached XP level 4. HP: 41/41 MP: 5/5
   971 | D:2      | Found an ancient bone altar of Kikubaaqudgha.
  1116 | D:2      | Reached skill level 1 in Conjurations
  1116 | D:2      | Reached skill level 1 in Hexes
  1116 | D:2      | Reached skill level 1 in Charms
  1116 | D:2      | Reached skill level 1 in Summonings
  1116 | D:2      | Reached skill level 1 in Necromancy
  1116 | D:2      | Reached skill level 1 in Translocations
  1116 | D:2      | Reached skill level 1 in Transmutations
  1116 | D:2      | Reached skill level 1 in Fire Magic
  1116 | D:2      | Reached skill level 1 in Ice Magic
  1116 | D:2      | Reached skill level 1 in Air Magic
  1116 | D:2      | Reached skill level 1 in Earth Magic
  1116 | D:2      | Reached skill level 1 in Poison Magic
  1303 | D:2      | Reached XP level 5. HP: 47/47 MP: 6/6
  1739 | D:3      | Noticed an eye of draining
  1740 | D:3      | Found a bloodstained altar of Trog.
  1772 | D:3      | Killed an eye of draining
  1772 | D:3      | Reached XP level 6. HP: 49/53 MP: 0/8
  2267 | D:4      | Found a burning altar of Makhleb.
  2333 | D:4      | Reached skill level 5 in Maces & Flails
  2416 | D:4      | Reached XP level 7. HP: 35/59 MP: 10/10
  2454 | D:4      | Found a shimmering blue altar of Sif Muna.
  2817 | D:5      | Entered Level 5 of the Dungeon
  2819 | D:5      | Noticed Grinder
  3003 | D:5      | Noticed Duvessa
  3005 | D:5      | Noticed Dowan
  3018 | D:5      | Killed Duvessa
  3065 | D:5      | Killed Dowan
  3065 | D:5      | Reached XP level 8. HP: 67/67 MP: 12/12
  3151 | D:5      | Killed Grinder
  3944 | D:6      | Found Nulaon's Weapon Shop.
  4237 | D:6      | Noticed an oklob plant
  4364 | D:7      | Reached XP level 9. HP: 38/72 MP: 14/14
  4404 | D:8      | Noticed a death yak
  4664 | D:8      | Noticed Pikel
  4727 | D:8      | Killed Pikel
  4755 | D:7      | Found a radiant altar of Vehumet.
  5164 | D:8      | Reached skill level 5 in Invocations
  5231 | D:8      | Noticed a death yak
  5521 | D:7      | Found a staircase to the Ecumenical Temple.
  5542 | Temple   | Entered the Ecumenical Temple
  5729 | Temple   | Became a worshipper of Ashenzari the Shackled
  5785 | D:7      | Reached XP level 10. HP: 68/80 MP: 15/17
  5972 | D:7      | Reached skill level 5 in Conjurations
  5972 | D:7      | Reached skill level 5 in Hexes
  5972 | D:7      | Reached skill level 5 in Charms
  5972 | D:7      | Reached skill level 5 in Summonings
  5972 | D:7      | Reached skill level 5 in Necromancy
  5972 | D:7      | Reached skill level 5 in Translocations
  5972 | D:7      | Reached skill level 5 in Transmutations
  5972 | D:7      | Reached skill level 5 in Fire Magic
  5972 | D:7      | Reached skill level 5 in Ice Magic
  5972 | D:7      | Reached skill level 5 in Air Magic
  5972 | D:7      | Reached skill level 5 in Earth Magic
  5972 | D:7      | Reached skill level 5 in Poison Magic
  5972 | D:7      | Reached XP level 11. HP: 76/89 MP: 17/20
  6317 | D:8      | Noticed a death yak
  6320 | D:8      | Found a staircase to the Lair.
  6336 | D:8      | Noticed a death yak
  6374 | Lair:1   | Entered Level 1 of the Lair of Beasts
  6615 | Lair:1   | Noticed Urug
  6622 | Lair:1   | Noticed Urug
  6622 | Lair:1   | Urug changed into Urug the hippogriff
  6627 | Lair:1   | Killed Urug the hippogriff
  6740 | Lair:1   | Reached * piety under Ashenzari
  8077 | Lair:2   | Reached XP level 12. HP: 88/96 MP: 22/22
  8733 | Lair:2   | Found a hole to the Spider Nest.
  9259 | Lair:3   | Noticed a six-headed hydra
  9574 | Lair:3   | Reached skill level 10 in Fighting
  9574 | Lair:3   | Reached skill level 10 in Armour
  9574 | Lair:3   | Reached skill level 10 in Shields
  9577 | Lair:3   | Found a frozen archway.
  9586 | IceCv    | Entered an ice cave
 10011 | IceCv    | Noticed a death yak
 10018 | IceCv    | Mangled by a death yak

Levels and vault maps discovered:
D:1:      saegor_arrival_simple_c, layout_loops_ring
D:2:      layout_rooms, marbit_many_paths, serial_forest,
          infiniplex_forest_straight_4, infiniplex_forest_clump_tiny,
          infiniplex_forest_corner_2, infiniplex_forest_straight_3
D:3:      layout_basic, trog_eyes_of_draining, columned_hall_lemuel
D:4:      layout_gridville, lemuel_doored_altar, minmay_misc_feat_plants,
          minmay_crystal_room, makhleb_blood_cavern_becter
D:5:      layout_cave_pools, first_ration, serial_rivers,
          chequers_serial_rivers_micro_e, chequers_serial_rivers_micro_c,
          chequers_serial_rivers_small_a, chequers_serial_rivers_micro_a,
          uniq_grinder, uniq_duvessa
D:6:      lemuel_slime, layout_loops_ring, serial_shops, nicolae_shop_trees,
          minmay_misc_feat_iff, chequers_decorated_corner
D:7:      layout_cave_pools, nicolae_overflow_hidden_temple,
          minmay_temple_entry_proselytizer, grunt_livestock
D:8:      layout_gridville, dpeg_lair_monsters, uniq_psyche, uniq_pikel
Temple:   regret_index_temple_generic_petals
Lair:1:   layout_loops_ring, wad_woods_02, uniq_urug
Lair:2:   layout_long_grid, nicolae_spider_entry_orb_guardian
Lair:3:   layout_loops_ring, ebering_ghost_xom,
          portal_ice_cave_entry_ice_beasts, grunt_megastairs_2
IceCv:    ice_cave_caverns_01

Skill      XL: |  1  2  3  4  5  6  7  8  9 10 11 12 |
---------------+-------------------------------------+-----
Invocations    | 1 2 3 4 5 6 7 8 |  8.3
Short Blades   | 1 2 3 4 6 7 |  7.6
Long Blades    | 1 2 3 4 6 7 |  7.6
Axes           | 1 2 3 4 6 7 |  7.6
Polearms       | 1 2 3 4 6 7 |  7.6
Staves         | 1 2 3 4 6 7 |  7.6
Slings         | 1 2 3 4 6 7 |  7.6
Bows           | 1 2 3 4 6 7 |  7.6
Crossbows      | 1 2 3 4 6 7 |  7.6
Throwing       | 1 2 3 4 6 7 |  7.6
Dodging        | 1 2 3 4 6 7 |  7.6
Stealth        | 1 2 3 4 6 7 |  7.6
Unarmed Combat | 1 2 3 4 6 7 |  7.6
Spellcasting   | 1 2 3 4 6 7 |  7.6
Evocations     | 1 2 3 4 6 7 |  7.6
Conjurations   | 1 2 3 5 6 |  6.3
Hexes          | 1 2 3 5 6 |  6.3
Charms         | 1 2 3 5 6 |  6.3
Summonings     | 1 2 3 5 6 |  6.3
Necromancy     | 1 2 3 5 6 |  6.3
Translocations | 1 2 3 5 6 |  6.3
Transmutations | 1 2 3 5 6 |  6.3
Fire Magic     | 1 2 3 5 6 |  6.3
Ice Magic      | 1 2 3 5 6 |  6.3
Air Magic      | 1 2 3 5 6 |  6.3
Earth Magic    | 1 2 3 5 6 |  6.3
Poison Magic   | 1 2 3 5 6 |  6.3
Maces & Flails | 5 6 7 8 |  8.9
Fighting       | 7 8 9 10 | 10.0
Armour         | 7 8 9 10 | 10.0
Shields        | 7 8 9 10 | 10.0

Action                   |  1- 3 |  4- 6 |  7- 9 | 10-12 || total
-------------------------+-------+-------+-------+-------++-------
Melee: Flail             |    90 |   160 |   460 |   895 ||  1605
       Bite              |    10 |    19 |    58 |   123 ||   210
Invok: Curse Item        |       |       |     3 |       ||     3
Evoke: Wand              |       |       |       |     9 ||     9
  Use: Scroll            |       |       |       |    21 ||    21
       Potion            |       |       |       |     4 ||     4
  Eat: Chunk             |       |     5 |    11 |    16 ||    32
Armor: Scale mail        |    39 |    33 |       |       ||    72
       Chain mail        |       |    51 |   297 |   355 ||   703
Dodge: Dodged            |    29 |    41 |   138 |   285 ||   493
Block: Shield            |    61 |   112 |   300 |   480 ||   953
